 Dungeon Crawl Stone Soup version 0.28.0-45-g0d030f2227 (webtiles) character file.

Game seed: 7428466090824629507

209 seaoflcl the Slasher (level 5, -7/45 HPs)
             Began as a Demigod Fighter on Apr 24, 2022.
             Mangled by Crazy Yiuf
             ... wielding a +4 quarterstaff of chaos
              (18 damage)
             ... on level 3 of the Dungeon.
             The game lasted 00:03:11 (4285 turns).

seaoflcl the Slasher (Demigod Fighter)              Turns: 4285, Time: 00:03:11

Health: -7/45      AC:  8    Str: 21    XL:     5   Next: 30%
Magic:  7/7        EV:  9    Int: 10    God:
Gold:   180        SH:  4    Dex: 13    Spells: 4/4 levels left

rFire   . . .      SeeInvis .   a - +0 long sword
rCold   . . .      Faith    .   c - +0 buckler
rNeg    . . .      Spirit   .   b - +0 scale mail
rPois   .          Reflect  .   (no helmet)
rElec   .          Harm     .   (no cloak)
rCorr   .          Rampage  .   (no gloves)
Will    .....                   d - +0 pair of boots
Stlth   ..........              (no amulet)
HPRegen 0.15/turn               (no ring)
MPRegen 0.10/turn               (no ring)

@: mighty
A: high MP 1, forlorn, divine attributes
a: no special abilities


You were on level 3 of the Dungeon.
You visited 1 branch of the dungeon, and saw 3 of its levels.

You collected 180 gold pieces.

Inventory:

Hand Weapons
 a - a +0 long sword (weapon)
Armour
 b - a +0 scale mail (worn)
 c - a +0 buckler (worn)
 d - a +0 pair of boots (worn)
Scrolls
 h - a scroll of acquirement {unknown}
 i - 2 scrolls of teleportation {unknown}
 k - a scroll of holy word {unknown}
 m - a scroll of blinking {unknown}
Potions
 e - 2 potions of ambrosia
 g - 3 potions of mutation
 j - a potion of degeneration {unknown}
 l - a potion of brilliance {unknown}
 n - a potion of curing {unknown}


   Skills:
 + Level 3.2 Fighting
 + Level 3.8 Long Blades
 + Level 3.5 Armour
 + Level 0.8 Dodging
 + Level 0.4 Stealth
 + Level 3.2 Shields


You had 4 spell levels left.
You didn't know any spells.
Your spell library contained the following spells:

 Spells                   Type           Power      Damage    Failure   Level
 Confusing Touch          Hex            0%         N/A       99%         3
 Yara's Violent Unravell  Hex/Tmut       0%         3d3       100%        5
 Enfeeble                 Hex            0%         N/A       100%        7


Dungeon Overview and Level Annotations

Branches:
Dungeon (3/15)

Annotations:
D:3 Crazy Yiuf


Innate Abilities, Weirdness & Mutations

You have an increased reservoir of magic. (+10% MP)
You shall have no god before yourself.
Your divine heritage dramatically boosts your attributes as you level up.


Message History

You kill the orc!
Things that are here:
a +0 short sword; an orc corpse You see here a +0 dagger.
Items here: ))) ††.
g - 3 fizzy pink potions (gained 1)
There is a fountain of clear blue water here.
You now have 152 gold pieces (gained 7).
Found a stone staircase leading up and a stone staircase leading down.
There is a fountain of clear blue water here.
Items here: ))) ††.
Okay, then.
You see here a +2 arbalest of flaming.
You now have 168 gold pieces (gained 16).
There is a stone staircase leading up here.
You now have 180 gold pieces (gained 12).
You see here a +0 mace.
Crazy Yiuf shouts!
Crazy Yiuf yells, "Scoff horse wrapper!"
No reachable target in view!
Could not explore, unopened runed door.
Could not explore, unopened runed door.
Okay, then.
As you read the scroll labelled FATESH GEBUON, it crumbles to dust.
It is a scroll of identify.
g - 3 potions of mutation
As you read the scroll of identify, it crumbles to dust.
e - 2 potions of ambrosia You open the door.
Crazy Yiuf twirls on the spot.
You closely miss Crazy Yiuf.
Crazy Yiuf hits you with a +4 quarterstaff of chaos!
Crazy Yiuf freezes you.
Crazy Yiuf hits you with a +4 quarterstaff of chaos!
You feel very mighty all of a sudden.
You closely miss Crazy Yiuf.
Crazy Yiuf hits you with a +4 quarterstaff of chaos!
* * * LOW HITPOINT WARNING * * *
You are electrocuted!!
You die...

#.###.##.# #####.#
####...### #.# #.##.#
#.# #......... #.#
#.##.# #.# #.........
##.# #.#### ###
#......... ...# #.#
####...###
######.######## #...#
#......#.#P)#.### ###
#...#
#.#####......#.)##)))#
##.##
#.####....P.####@g)..#
#####.# .........#P##
###..)# #.....#
#.#####.#### ###
####### #.# #.# #.#
#.# #.# #.#### #.###
#.#..# ....# #.##.#
..#.# #.##.#


You could see Crazy Yiuf.

Vanquished Creatures
  An orc priest (D:3)
  Natasha (thrice) (D:2)
  2 adders (D:2)
  4 worms
  2 dart slugs
  4 orcs (D:3)
  11 bats
  4 endoplasms
  4 giant cockroaches
  3 goblins (D:1)
  7 hobgoblins
  5 jackals
  4 quokkas
  2 ball pythons
  3 frilled lizards
  6 kobolds
  5 rats
70 creatures vanquished.

Notes
Turn   | Place    | Note
-------+----------+-------------------------------------------
     0 | D:1      | seaoflcl the Demigod Fighter began the quest for the Orb.
     0 | D:1      | Reached XP level 1. HP: 18/18 MP: 3/3
   596 | D:1      | Reached XP level 2. HP: 24/26 MP: 4/4
  1416 | D:2      | Noticed Natasha
  1423 | D:2      | Killed Natasha
  1424 | D:2      | Reached XP level 3. HP: 27/31 MP: 5/5
  1473 | D:2      | Noticed Natasha
  1943 | D:2      | Killed Natasha
  1944 | D:2      | Reached XP level 4. HP: 25/38 MP: 6/6
  2180 | D:2      | Noticed Natasha
  2192 | D:2      | Killed Natasha
  3629 | D:3      | Reached XP level 5. HP: 45/45 MP: 7/7
  3725 | D:3      | Found a runed translucent door.
  3726 | D:3      | Noticed Crazy Yiuf
  4285 | D:3      | Mangled by Crazy Yiuf

Illustrated notes

Levels and vault maps discovered:
D:1:      eino_arrival_water_star, layout_rooms, serial_co_window_serial,
          co_window_paths_a, co_window_paths_a, co_window_corner_a,
          co_window_corner_a, co_window_cross_1, co_window_corner_a,
          co_window_2corner, co_window_unsneaky_path_a,
          co_window_of_opportunity_b, co_window_broadway_a, co_window_cross_3,
          co_window_corner_b, glass_columns_a, glass_columns_a, glass_columns_a,
          glass_columns_a
D:2:      layout_basic, basic_altar, uniq_natasha
D:3:      layout_loops_ring, nicolae_elevator_lobby_asterisk,
          uniq_crazy_yiuf_cottage

Skill      XL: |  1  2  3  4 |
---------------+-------------+-----
Long Blades    | 2 3 |  3.8
Fighting       | 3 |  3.2
Armour         | 3 |  3.5
Shields        | 3 |  3.2
Dodging        | |  0.8
Stealth        | |  0.4

Action                   |  1- 3 |  4- 6 || total
-------------------------+-------+-------++-------
Melee: Long sword        |   113 |   173 ||   286
  Use: Potion            |       |     1 ||     1
       Scroll            |       |     2 ||     2
Armor: Scale mail        |    61 |    91 ||   152
Dodge: Dodged            |    38 |    91 ||   129
Block: Buckler           |    27 |    47 ||    74
